[Event "*** Titled Tuesday 3|2 Blitz"]
[Site "Chess.com"]
[Date "2015.07.07"]
[Round "6"]
[White "Penguininja"]
[Black "eltenedor"]
[Result "1-0"]
[WhiteElo "2119"]
[BlackElo "2009"]
[TimeControl "180+2"]
[EndTime "12:16:36 PDT"]
[Termination "Penguininja won on time"]

1. d4 d5 2. Nf3 Nf6 3. c4 dxc4 4. g3 Nc6 5. Bg2 e5 6. Qa4 exd4 7. Nxd4 Qxd4 8. Bxc6+ Bd7 9. Bxd7+ Qxd7 10. Qxc4 Be7 11. O-O O-O 12. Nc3 c5 13. Be3 a6 14. a4 Qc6 15. Rfd1 Rfd8 16. Rac1 Rxd1+ 17. Rxd1 b6 18. b4 Rc8 19. bxc5 Bxc5 20. Bxc5 bxc5 21. Nd5 Nxd5 22.
Rxd5 g6 23. h4 h5 24. Rd3 Rb8 25. Rf3 Qe6 26. Qxe6 fxe6 27. Rc3 Rc8 28. Kg2 Kf7 29. Kf3 Kf6 30. Ke4 Rc7 31. e3 Rc8 32. f4 Rc7 33. Kf3 e5 34. e4 Ke6 35. g4 exf4 36.
Kxf4 hxg4 37. Kxg4 Ke5 38. Kf3 Kd4 39. Rc1 c4 40.
Rd1+ Kc3 41. Rd6 a5 42. Rxg6 Kb4 43. Ke3 c3 44. Rg1 c2 45. Kd2 Kxa4 46. h5 Kb3 47. Kc1 a4 48. Rg3+ Kb4 49. h6 a3 50. h7 Rxh7 51. Kxc2 Rh2+ 52. Kb1 Re2 53. e5 Rxe5 54. Rg4+ Kb3 55. Rg3+ 1-0

[Event "*** Titled Tuesday 3|2 Blitz"]
[Site "Chess.com"]
[Date "2015.07.07"]
[Round "6"]
[White "stefanodinn"]
[Black "jup1978"]
[Result "1-0"]
[WhiteElo "2130"]
[BlackElo "2135"]
[TimeControl "180+2"]
[EndTime "12:16:38 PDT"]
[Termination "stefanodinn won by resignation"]

1. e4 e5 2. Nf3 Nc6 3. Bb5 Nf6 4. d3 Bc5 5. c3 O-O 6. O-O Bb6 7. Bxc6 dxc6 8. Nxe5 Qe7 9. Nc4 Rd8 10.
Nxb6 axb6 11. Qe2 Be6 12. a3 b5 13. Bg5 h6 14. Bh4 g5 15. Bg3 c5 16. f4 Bg4 17.
Qe3 Nd5 18. Qf2 Nb6 19. h3 Bh5 20. Qe3 g4 21. Nd2 gxh3 22. gxh3 Kh7 23. d4 cxd4 24.
cxd4 Rg8 25. Kh2 Rae8 26. Rae1 Rg7 27. Rg1 Reg8 28. Bf2 Rxg1 29. Rxg1 Rxg1 30. Bxg1 b4 31. d5 bxa3 32. bxa3 f5 33. Qd4 fxe4 34. Nxe4 Bg6 35. Nf6+ Kg7 36. Ng4+ Kh7 37. d6 Qxd6 38. Qxd6 cxd6 39.
Bxb6 Kg7 40. Bd4+ Kf7 41. Nxh6+ Ke7 42. f5 Be8 43. Kg3 b5 44. Kf4 Kf8 45. Kg5 Bc6 46. h4 Be4 47. Ng4 Bc2 48. Ne3 Be4 49. Nd1 Kf7 50. Nc3 Bc6 51. h5 Kg8 52. Kf6 Bd7 53. Kg5 Kh7 54. Ne4 Bc6 55. Nxd6 Kg8 56. f6 b4 57. axb4 Kh7 58. b5 Bd5 59. b6 Bf7 60. Nxf7 Kg8 61. Nd6 Kh7 62. b7 Kg8 63. Kg6 1-0

[Event "*** Titled Tuesday 3|2 Blitz"]
[Site "Chess.com"]
[Date "2015.07.07"]
[Round "6"]
[White "wonderfultime"]
[Black "Dlugy"]
[Result "1/2-1/2"]
[WhiteElo "2570"]
[BlackElo "2551"]
[TimeControl "180+2"]
[EndTime "12:16:51 PDT"]
[Termination "Game drawn by repetition"]

1. d4 Nf6 2. c4 g6 3. Nc3 Bg7 4. e4 d6 5. f3 O-O 6. Be3 c5 7. Nge2 Qa5 8. Nc1 cxd4 9. Nb3 Qh5 10. Nxd4 Nc6 11. Qd2 Nxd4 12. Bxd4 Be6 13. Be2 Rfc8 14. b3 Qh4+ 15. Bf2 Qh6 16. Be3 Qh4+ 17. Bf2 Qh5 18.
O-O Qa5 19. Rac1 Nd7 20. Rfd1 a6 21. Be1 f5 22. Nd5 Qxd2 23. Bxd2 Kf7 24. Bg5 Nf6 25. Nb6 fxe4 26. Nxa8 Rxa8 27. c5 d5 28. Be3 Bd7 29.
fxe4 Nxe4 30. Rxd5 Bc6 31. Rdd1 Nc3 32. Bc4+ Ke8 33.
Rf1 Nxa2 34. Rcd1 Bf6 35. Bd4 Rd8 36. Bxf6 Rxd1 37. Rxd1 exf6 38. Rd6 f5 39. Re6+ Kd7 40. Rf6 Nc3 41. Rf7+ Kd8 42. Rxh7 a5 43. Rg7 Ne4 44. Rxg6 Nxc5 45. h4 Be8 46. Rg8 Ke7 47. Rg7+ Kf6 48. Rc7 Bc6 49. Kh2 Ne4 50. Kh3 Nf2+ 51. Kg3 Ng4 52.
Rf7+ Kg6 53. Rc7 Ne3 54. Bf7+ Kh6 55. Be6 Bxg2 56. Kf4 Nd5+ 57. Bxd5 Bxd5 58. Rc5 Bxb3 59. Rxa5 Bc2 60. Rc5 Be4 61. Rc7 Kg6 62. Rc8 Kh6 63.
Rh8+ Kg7 64. Rb8 Kg6 65. Rd8 Kh5 66. Rh8+ Kg6 67. h5+ Kg7 68. Rd8 Kh6 69. Rh8+ Kg7 70. Rc8 Kh6 71. Rh8+ Kg7 1/2-1/2

[Event "*** Titled Tuesday 3|2 Blitz"]
[Site "Chess.com"]
[Date "2015.07.07"]
[Round "6"]
[White "Schemato"]
[Black "kesarev"]
[Result "1/2-1/2"]
[WhiteElo "2024"]
[BlackElo "2195"]
[TimeControl "180+2"]
[EndTime "12:16:58 PDT"]
[Termination "Game drawn by repetition"]

1. c4 Nf6 2. Nc3 c5 3. g3 e6 4.
Nf3 b6 5. Bg2 Bb7 6. O-O Be7 7.
d4 cxd4 8. Qxd4 d6 9. b3 O-O 10. Bb2 a6 11. Rfd1 Nbd7 12. Rac1 Qc7 13. h3 Rac8 14. g4 h6 15. Qf4 Ne5 16. Nxe5 dxe5 17.
Qg3 Bxg2 18. Qxg2 Rfd8 19. Ne4 Nd7 20. Rd3 f5 21. gxf5 exf5 22. Ng3 Nc5 23. Rd5 Bf6 24. Nxf5 Rxd5 25. cxd5 Kh7 26. b4 Qd7 27. Ne3 Na4 28.
Qe4+ Kh8 29. Rxc8+ Qxc8 30. Bxe5 Nc3 31. Bxc3 Qxc3 32.
d6 Qa1+ 33. Kg2 Qxa2 34. d7 Qd2 35. Qe8+ Kh7 36. Ng4 Bg5 37. Qe4+ Kh8 38. Ne5 Kg8 39. Qc4+ Kh7 40. Qd3+ Qxd3 41. exd3 a5 42. bxa5 bxa5 43. Nc6 a4 44. f4 Bh4 45. Kf3 h5 46. Ke2 a3 47.
Nb4 Kg6 48. Kd1 Kf5 49. Kc2 Kxf4 50. Nc6 a2 51. Kb2 Ke3 52. d8=Q Bxd8 53. Nxd8 Kxd3 54. Ne6 Ke4 55. Nxg7 h4 56. Kxa2 Kf3 57. Ne6 Kg3 58. Ng5 Kf4 59. Nf7 Kg3 60. Ng5 Kf4 61. Nf7 Kg3 62.
Ng5 1/2-1/2

[Event "*** Titled Tuesday 3|2 Blitz"]
[Site "Chess.com"]
[Date "2015.07.07"]
[Round "6"]
[White "Recombinant"]
[Black "chessloveyou"]
[Result "0-1"]
[WhiteElo "2103"]
[BlackElo "1987"]
[TimeControl "180+2"]
[EndTime "12:17:08 PDT"]
[Termination "chessloveyou won by checkmate"]

1. d4 Nf6 2. c4 g6 3. Nc3 d5 4.
cxd5 Nxd5 5. e4 Nxc3 6. bxc3 Bg7 7. Bc4 c5 8. Ne2 O-O 9. O-O Nc6 10. Be3 Bg4 11. f3 Na5 12. Bd3 Be6 13. d5 c4 14.
Bc2 Bd7 15. Bd4 e5 16. Be3 b6 17. Qd2 Nb7 18. Bh6 Nc5 19. Bxg7 Kxg7 20. Ng3 Qe7 21. Qe3 Rac8 22. Qe2 Ba4 23. Bxa4 Nxa4 24. Qc2 b5 25.
Rab1 a6 26. Rb4 Qc5+ 27. Kh1 Nb6 28. Qd2 f6 29. h4 Rcd8 30. h5 Qe7 31. h6+ Kh8 32. Qe3 Na4 33. Rc1 Nc5 34. Qe2 Nd3 35. Rcb1 Nxb4 36. Rxb4 f5 37. Kg1 f4 38. Nf1 Qc5+ 39. Kh1 Rd6 40. Nh2 a5 41. Rb1 b4 42.
Qc2 Rb8 43. Ng4 g5 44. g3 Rbb6 45. Kg2 a4 46. cxb4 Rxb4 47. Rxb4 Qxb4 48. Nxe5 c3 49.
Nf7+ Kg8 50. Nxd6 Qb2 51. Qf2 Qxf2+ 52. Kxf2 c2 53. gxf4 c1=Q 54. f5 Qc5+ 55. Kg3 Qxd6+ 56. Kh3 Qf4 57. d6 Qxd6 58. a3 Qf4 59. f6 Qxf3+ 60.
Kh2 Qxf6 61. Kh3 Qf4 62. e5 Kf7 63. Kg2 g4 64. Kg1 Qd2 65. e6+ Kxe6 66. Kh1 g3 67. Kg1 Qf2+ 68. Kh1 Qf1# 0-1

[Event "*** Titled Tuesday 3|2 Blitz"]
[Site "Chess.com"]
[Date "2015.07.07"]
[Round "6"]
[White "armago"]
[Black "1random"]
[Result "1-0"]
[WhiteElo "2149"]
[BlackElo "1987"]
[TimeControl "180+2"]
[EndTime "12:17:21 PDT"]
[Termination "armago won by checkmate"]

1. d4 Nf6 2. c4 e6 3. Nc3 d5 4. Nf3 dxc4 5. e4 Bb4 6. e5 Nd5 7. Bd2 Nb6 8. Qc2 c5 9. Ne4 Bxd2+ 10. Qxd2 cxd4 11. Nd6+ Kf8 12. Qxd4 Nc6 13. Qf4 Qe7 14. O-O-O Nd5 15. Qg3 c3 16. Ng5 cxb2+ 17. Kxb2 Nxe5 18. Qxe5 f6 19. Qg3 fxg5 20. Bc4 Qf6+ 21. Kb3 a5 22. Ne4 a4+ 23. Ka3 Qf4 24. Bxd5 exd5 25. Nxg5 Qxg3+ 26. fxg3 h6 27. Rxd5 Ke7 28. Re1+ Kf6 29. Nf3 Be6 30. Rd6 Rhe8 31. Nd4 Rad8 32. Rexe6+ Rxe6 33. Rxe6+ Kf7 34. Re4 b5 35. Kb4 Rc8 36. Kxb5 a3 37. Kb4 Rc1 38.
Kxa3 Rg1 39. Re2 Rh1 40. h3 Rf1 41. Nf3 Kf6 42. g4 Rb1 43. Ka4 Kg6 44. a3 Rb8 45.
Re5 Rb7 46. Rb5 Ra7+ 47. Kb4 Rd7 48. a4 Rd1 49. a5 Rb1+ 50. Kc5 Rc1+ 51. Kb6 Ra1 52. a6 Kh7 53. a7 Rd1 54. a8=Q Rd6+ 55. Qc6 Rf6 56. Qxf6 gxf6 57. Kc6 Kg6 58. Kd6 Kf7 59.
Nh4 Kg7 60. Ke6 h5 61. Rb7+ Kh6 62. Nf5+ Kg5 63. gxh5 Kxh5 64. g4+ Kg5 65. Rg7+ Kf4 66. Kxf6 Ke4 67. g5 Kd5 68. g6 Ke4 69. Re7+ Kd5 70.
g7 Kc6 71. g8=Q Kc5 72. Qc8+ Kb4 73. Rb7+ Ka5 74. Qa8# 1-0

[Event "*** Titled Tuesday 3|2 Blitz"]
[Site "Chess.com"]
[Date "2015.07.07"]
[Round "6"]
[White "MasterLeif"]
[Black "wanyaland"]
[Result "1-0"]
[WhiteElo "2277"]
[BlackElo "2165"]
[TimeControl "180+2"]
[EndTime "12:17:39 PDT"]
[Termination "MasterLeif won by resignation"]

1. e4 c5 2. Nf3 e6 3. d4 cxd4 4. Nxd4 Nf6 5. Nc3 d6 6. g4 a6 7. g5 Nfd7 8. h4 Qc7 9. Be3 b5 10. Qd2 Bb7 11. Bg2 Ne5 12. O-O-O Nbd7 13. Kb1 Rb8 14.
f4 Nc4 15. Qe2 Nc5 16. Bc1 Be7 17. Ndxb5 axb5 18. Nxb5 Qb6 19. Qxc4 Ba6 20. a4 Nxa4 21. Qxa4 Bxb5 22. Qd4 Qxd4 23. Rxd4 Bd7 24. b3 O-O 25.
Bb2 Rfc8 26. Rhd1 Rc7 27. Ba3 Rbc8 28. R1d2 Kf8 29. Bxd6 Bxd6 30. Rxd6 Ke7 31. e5 Be8 32. Be4 h6 33. Kb2 Rc3 34. R6d3 R3c5 35. b4 Rc4 36.
Rd4 Rc3 37. Bd3 hxg5 38. hxg5 R8c7 39. b5 R3c5 40. Rb4 Rb7 41. c4 Rb6 42. Be4 f6 43. gxf6+ gxf6 44. exf6+ Kxf6 45. Rh2 Ke7 46. Kb3 Bh5 47.
f5 Bf7 48. Rh7 Kf6 49. fxe6 Bxe6 50. Bd5 Kg6 51. Be4+ Kf6 52. Bc6 Rg5 53. Rb7 Rg3+ 54. Ka4 Rxb7 55. Bxb7 Ke5 56. c5 Rc3 57. c6 Kd6 58.
Ka5 Kc5 59. c7 Kd6 60. c8=Q Bxc8 61. Bxc8 Rxc8 62. Kb6 Rb8+ 63. Ka7 Rh8 64. b6 Kc5 65.
Rb1 Rh2 66. Rc1+ Kd6 67. b7 Ra2+ 68. Kb8 Kd7 69. Rd1+ Ke7 70. Rd4 Ra1 71. Kc7 Rc1+ 72. Kb6 Rb1+ 73. Kc6 Rc1+ 74. Kb5 Rb1+ 75. Rb4 1-0

[Event "*** Titled Tuesday 3|2 Blitz"]
[Site "Chess.com"]
[Date "2015.07.07"]
[Round "6"]
[White "GeorgMeier"]
[Black "viditchess"]
[Result "1/2-1/2"]
[WhiteElo "2716"]
[BlackElo "2429"]
[TimeControl "180+2"]
[EndTime "12:18:28 PDT"]
[Termination "Game drawn by repetition"]

1. Nf3 Nf6 2. g3 c5 3. Bg2 Nc6 4. c4 g6 5. Nc3 Bg7 6. d4 cxd4 7. Nxd4 O-O 8. O-O Qa5 9. e3 Ne5 10. Qe2 d6 11. Bd2 Bg4 12. f3 Bd7 13. b3 Rfc8 14. h3 a6 15. f4 Nc6 16. Rad1 h5 17.
Nf3 b5 18. e4 bxc4 19. e5 Ne8 20. bxc4 Be6 21. Nd5 Qxa2 22. Ng5 Bxd5 23. cxd5 Nd4 24. Qf2 Nb3 25. Be4 Nxd2 26. Rxd2 Qa5 27. g4 Qc5 28.
e6 fxe6 29. Nxe6 Qxf2+ 30. Rfxf2 hxg4 31. hxg4 Nf6 32. Bf3 a5 33. Kg2 a4 34. Ra2 a3 35.
Rfe2 Bh8 36. Re3 Nd7 37. Rexa3 Rxa3 38. Rxa3 Nc5 39. Ra7 Nxe6 40. dxe6 Kf8 41. Be4 g5 42. fxg5 Bd4 43. Rd7 Be3 44. g6 Bg5 45. Kf3 Kg7 46. Bf5 Rc4 47. Ke2 Rd4 48. Rd8 Rd2+ 49. Kf3 Rd4 50. Re8 Rd2 51. Ra8 Rd4 52. Ra2 Rf4+ 53. Kg3 Rd4 54. Ra1 Rb4 55. Kf3 Rd4 56. Rh1 Rf4+ 57. Ke2 Rd4 58. Rh7+ Kg8 59. Rf7 Rd2+ 60.
Kf3 Rb2 61. Rh7 Rb4 62. Ke2 Rd4 63. Rh5 Bf6 64. Ke3 Rb4 65. Rh7 Bg7 66. Kd3 Rd4+ 67. Kc2 Rc4+ 68. Kd2 Rd4+ 69. Ke2 Rc4 70. Rh3 Rc3 71. Rh5 Rc5 72. Kd3 Rc3+ 73. Kd2 Rc5 74. Rh3 Bf6 75. Rb3 Kg7 76. Rh3 Rd5+ 77. Kc2 Rc5+ 78.
Kb3 Rc7 79. Kb4 Rc5 80. Rh7+ Kg8 81. Rf7 Rc8 82. Kb5 Rf8 83. Rh7 Rc8 84. Kb6 Bg7 85.
Kb7 Rc5 86. Rh3 Bf6 87. Rh7 Bg7 88. Rh5 Bf6 89. Rh3 Rc3 90. Rh1 Rc5 91. Rh7 Bg7 1/2-1/2

[Event "*** Titled Tuesday 3|2 Blitz"]
[Site "Chess.com"]
[Date "2015.07.07"]
[Round "6"]
[White "Keranke"]
[Black "Canonkasparov"]
[Result "1/2-1/2"]
[WhiteElo "2526"]
[BlackElo "2241"]
[TimeControl "180+2"]
[EndTime "12:19:39 PDT"]
[Termination "Game drawn - insufficient material"]

1. d4 d5 2. c4 c6 3. Nf3 Nf6 4. g3 Bf5 5. Bg2 e6 6. O-O Nbd7 7. Nc3 Be7 8. Qb3 Qb6 9. Nd2 O-O 10. e4 dxe4 11.
Ndxe4 Nxe4 12. Nxe4 Nf6 13. Nc5 Bxc5 14. dxc5 Qxb3 15.
axb3 a6 16. Bf4 Rfd8 17. b4 Be4 18. Bd6 Bxg2 19. Kxg2 Rd7 20. b5 Ne4 21. Rfd1 f5 22. bxc6 bxc6 23. b4 Rb7 24. Rdb1 Raa7 25. f3 Nd2 26.
Re1 Kf7 27. b5 axb5 28. Rxa7 Rxa7 29. cxb5 cxb5 30. c6 Nc4 31. Bb8 Ra6 32. c7 Rc6 33.
Rb1 Nd6 34. c8=Q Nxc8 35. Rxb5 Nd6 36. Rb3 g5 37. h4 h6 38. Ba7 gxh4 39. gxh4 e5 40. h5 Ke6 41. Rb8 Nf7 42. Rg8 Rc2+ 43. Bf2 e4 44. fxe4 fxe4 45. Kg3 Kf5 46. Rg7 Ne5 47.
Rg8 Rc3+ 48. Kg2 Rf3 49. Rf8+ Kg4 50. Re8 Rf5 51. Bg3 Nf7 52. Rxe4+ Kxh5 53. Ra4 Ng5 54. Rh4+ Kg6 55. Ra4 Rf6 56. Ra8 Ne6 57. Rg8+ Kf7 58. Ra8 Rg6 59. Kh3 Ng7 60. Ra7+ Kg8 61. Be5 Nf5 62. Ra8+ Kf7 63. Ra7+ Ke6 64. Ra6+ Kf7 65. Ra7+ Ne7 66. Bd4 Rc6 67. Bf2 Ke6 68. Bh4 Nf5 69. Bf2 Kd5 70. Rf7 Ke4 71. Rf8 Re6 72. Kg2 Rg6+ 73.
Kh3 Kf4 74. Be1 h5 75. Bd2+ Ke4 76. Be1 Rg1 77. Bf2 Rf1 78. Kg2 Ne3+ 79. Kg3 Nf5+ 80.
Kg2 Rd1 81. Rh8 Ng7 82. Rh7 Rd7 83. Rh6 Kf5 84. Ra6 Kg4 85. Ra4+ Kf5 86. Ra5+ Kg6 87. Ra6+ Kf7 88. Be3 Ne6 89. Kf3 Rd8 90. Ra7+ Kg6 91. Ra6 Kf6 92. Bf2 Rg8 93. Bh4+ Ke5 94. Ra5+ Kd6 95.
Rxh5 Nd4+ 96. Ke4 Ne6 97. Rd5+ Kc6 98. Ke5 Rg4 99. Rd6+ Kc7 100. Be7 Rg6 101. Bf6 Rxf6 102. Kxf6 Kxd6 1/2-1/2

[Event "*** Titled Tuesday 3|2 Blitz"]
[Site "Chess.com"]
[Date "2015.07.07"]
[Round "6"]
[White "lukas_111111"]
[Black "Cryptochess"]
[Result "0-1"]
[WhiteElo "2174"]
[BlackElo "2361"]
[TimeControl "180+2"]
[EndTime "12:20:01 PDT"]
[Termination "Cryptochess won by checkmate"]

1. e4 d6 2. d4 Nf6 3. Nc3 g6 4. Be3 c6 5. a4 Bg7 6. h3 O-O 7. Nf3 Nbd7 8. a5 e5 9. dxe5 Nxe5 10. Be2 Be6 11. O-O Nxf3+ 12. Bxf3 Re8 13. Bf4 d5 14. exd5 Nxd5 15. Nxd5 Bxd5 16. Bxd5 cxd5 17. c3 d4 18. cxd4 Bxd4 19. Qb3 Qf6 20. Bg3 Bxb2 21. Ra2 Bd4 22. Qxb7 a6 23. Rc2 Qg5 24. Kh2 Qxa5 25. Rd1 Be5 26.
Rd7 Bxg3+ 27. fxg3 Qf5 28. Rc3 Rab8 29. Qc7 Rbc8 30. Qxc8 Rxc8 31. Rxc8+ Kg7 32. Rcc7 h5 33. h4 a5 34. Ra7 g5 35. hxg5 Kg6 36. Ra6+ Kxg5 37.
Rda7 Qf2 38. Rxa5+ Kg6 39. R7a6+ f6 40. Ra4 Qe2 41. Ra8 Qe5 42. Rf4 Kg7 43. Ra7+ Kg6 44. Ra6 Kg5 45. Ra8 Kg6 46. Rg8+ Kf7 47. Rh8 Kg7 48. Ra8 Kg6 49. Ra7 Qc5 50. Ra6 Qe5 51.
Rh4 Kg5 52. Ra8 Kg6 53. Rh8 Qd5 54. Kh3 Qf5+ 55. Kh2 Qd5 56. Rf4 Qe5 57. Rf8 Kg7 58.
Ra8 Kg6 59. Raa4 Kg5 60. Rh4 Kg6 61. Raf4 Qd5 62. Rf3 Qe5 63. Rhf4 Kg5 64. Kh3 Qe6+ 65. Kh2 Qe5 66. Rd3 Qe6 67. Rdd4 Qe5 68. Ra4 Kg6 69. Rh4 Qd5 70. Rad4 Qe5 71. Rhe4 Qf5 72. Re7 Qc5 73. Rdd7 Kf5 74. Rh7 Ke6 75. Rdg7 Qe5 76. Rg6 h4 77. Rxh4 Kf7 78. Rgg4 f5 79. Rf4 Kg6 80. Rh3 Kg5 81. Rf3 Qe4 82. Rh4 Qe5 83. Rhf4 Qh8+ 84. Kg1 Qa1+ 85. Rf1 Qa7+ 86. Kh2 Qh7+ 87. Rh4 Qd7 88. Rhf4 Qh7+ 89. Kg1 Qa7+ 90. R1f2 Qe3 91. Kh2 Qe7 92. Rxf5+ Kg6 93. g4 Qh7+ 94. Rh5 Qc7+ 95. g3 Qc3 96.
Kh3 Qe1 97. Rhf5 Qh1+ 98. Rh2 Qe4 99. Rff2 Qe3 100. Rhg2 Qh6# 0-1

[Event "*** Titled Tuesday 3|2 Blitz"]
[Site "Chess.com"]
[Date "2015.07.07"]
[Round "7"]
[White "pedromartinez91"]
[Black "Keaton87"]
[Result "1-0"]
[WhiteElo "2177"]
[BlackElo "2409"]
[TimeControl "180+2"]
[EndTime "12:24:07 PDT"]
[Termination "pedromartinez91 won by resignation"]

1. d4 Nf6 2. c4 g6 3. Nc3 Bg7 4. Nf3 O-O 5. Bf4 d6 6. h3 Nfd7 7. e3 e5 8. Bh2 c5 9. dxc5 Nxc5 10. Be2 Be6 11. O-O Nc6 12. Rc1 Rc8 13. b3 h6 14. Nb5 Nb4 15. a3 e4 16. axb4 exf3 17. Bxf3 Na6 18. Bxb7 Nxb4 19. Bxc8 Qxc8 20. Qxd6 a5 21.
Qc7 Qa8 22. Qa7 Qe4 23. Qxa5 Nd3 24. Rcd1 Ne5 25. Rd4 Qc2 26. Na3 Qa2 27. Bxe5 1-0

[Event "*** Titled Tuesday 3|2 Blitz"]
[Site "Chess.com"]
[Date "2015.07.07"]
[Round "7"]
[White "Dr-Bassem"]
[Black "MFBerna"]
[Result "1-0"]
[WhiteElo "2477"]
[BlackElo "2115"]
[TimeControl "180+2"]
[EndTime "12:25:18 PDT"]
[Termination "Dr-Bassem won by resignation"]

1. e4 e5 2. Nf3 Nc6 3. Bb5 a6 4. Ba4 Nf6 5. Qe2 b5 6. Bb3 Be7 7. a4 b4 8. d4 d6 9. Qc4 Qd7 10. Qxf7+ Kd8 11. Qxg7 Rf8 12. dxe5 Nxe5 13. Nxe5 dxe5 14.
Bg5 Ke8 15. Nd2 Ng4 16. Qxe7+ Qxe7 17. Bxe7 Kxe7 18. f3 Nf6 19. Nc4 Nd7 20. O-O-O a5 21. Rd2 Bb7 22. Rhd1 Rfd8 23. Ne3 Nb6 24. Nf5+ Ke8 25.
Bf7+ Kxf7 26. Rxd8 Rxd8 27. Rxd8 Nxa4 28. Rd7+ Kg6 29.
Rxc7 Ba6 30. Rc6+ 1-0

[Event "*** Titled Tuesday 3|2 Blitz"]
[Site "Chess.com"]
[Date "2015.07.07"]
[Round "7"]
[White "Canonkasparov"]
[Black "MichiganEagle"]
[Result "1-0"]
[WhiteElo "2250"]
[BlackElo "2261"]
[TimeControl "180+2"]
[EndTime "12:25:21 PDT"]
[Termination "Canonkasparov won by resignation"]

1. d4 Nf6 2. Nf3 d6 3. c3 g6 4.
Bg5 Bg7 5. Nbd2 O-O 6. e3 c5 7.
Bc4 Nc6 8. O-O b6 9. Qe2 Bb7 10. h3 Rc8 11. a4 Qc7 12. Ba6 Rfe8 13. Bf4 Nd5 14. Bh2 e5 15. dxe5 dxe5 16. Rfd1 Rcd8 17. Bxb7 Qxb7 18. Nc4 Qc7 19. Rd2 f6 20. Rad1 Nde7 21.
Nd6 Rxd6 22. Rxd6 Nd4 23. Qc4+ Kf8 24. R6xd4 exd4 25. Bxc7 1-0

[Event "*** Titled Tuesday 3|2 Blitz"]
[Site "Chess.com"]
[Date "2015.07.07"]
[Round "7"]
[White "lexiel"]
[Black "GeorgMeier"]
[Result "0-1"]
[WhiteElo "2238"]
[BlackElo "2717"]
[TimeControl "180+2"]
[EndTime "12:26:21 PDT"]
[Termination "GeorgMeier won by resignation"]

1. b3 Nf6 2. Bb2 d5 3. e3 Bf5 4.
Nc3 e6 5. f3 h5 6. d4 a6 7. Bd3 Bxd3 8. Qxd3 c5 9. Nge2 Nc6 10.
O-O-O Rc8 11. Kb1 c4 12. Qd2 b5 13. a3 b4 14. axb4 Bxb4 15. bxc4 Na5 16. c5 Nc4 17. Qd3 Rb8 18. Na4 Qa5 19. Nb6 Nd7 20. Nc1 Ndxb6 21.
cxb6 Qxb6 22. Nb3 a5 23. e4 O-O 24. exd5 exd5 25. Qf5 a4 26. Qxd5 Rfc8 0-1

[Event "*** Titled Tuesday 3|2 Blitz"]
[Site "Chess.com"]
[Date "2015.07.07"]
[Round "7"]
[White "Ginger_GM"]
[Black "Tirantes"]
[Result "1-0"]
[WhiteElo "2408"]
[BlackElo "2225"]
[TimeControl "180+2"]
[EndTime "12:26:32 PDT"]
[Termination "Ginger_GM won by resignation"]

1. d4 Nf6 2. c4 e6 3. Nf3 Bb4+ 4.
Nbd2 O-O 5. a3 Be7 6. e4 d6 7. Bd3 Nbd7 8. b4 c5 9. bxc5 dxc5 10. d5 e5 11. O-O Ne8 12. Bb2 Bf6 13. a4 Nd6 14. a5 Re8 15. Qb3 Rb8 16. Rfb1 Nf8 17.
Nf1 Ng6 18. Ng3 Nf4 19. Bf1 Bd7 20. Qe3 Qe7 21. Qxc5 b6 22. axb6 axb6 23. Qb4 Rec8 24. Ra7 Ng6 25. Ba3 Rc5 26. Qxc5 bxc5 27. Rxb8+ Ne8 28.
Nf5 1-0

[Event "*** Titled Tuesday 3|2 Blitz"]
[Site "Chess.com"]
[Date "2015.07.07"]
[Round "7"]
[White "wanyaland"]
[Black "stefanodinn"]
[Result "1-0"]
[WhiteElo "2172"]
[BlackElo "2123"]
[TimeControl "180+2"]
[EndTime "12:26:45 PDT"]
[Termination "wanyaland won on time"]

1. e4 c5 2. Nf3 d6 3. d4 cxd4 4. Nxd4 Nf6 5. Nc3 a6 6. h3 e6 7. g4 d5 8. e5 Nfd7 9. f4 Qh4+ 10. Ke2 Bc5 11. Be3 Qe7 12. Bg2 Nc6 13. Re1 O-O 14. Kf1 Nxd4 15. Bxd4 Bxd4 16. Qxd4 b5 17. b4 Bb7 18. f5 Rac8 19. a3 Rc4 20. Qd2 Rfc8 21.
Nd1 Rxc2 22. Qf4 R8c4 23. Qg3 Rc8 24. Kg1 Nb6 25. Ne3 R2c3 26. Qf4 d4 27. f6 1-0

[Event "*** Titled Tuesday 3|2 Blitz"]
[Site "Chess.com"]
[Date "2015.07.07"]
[Round "7"]
[White "chessloveyou"]
[Black "kesarev"]
[Result "0-1"]
[WhiteElo "1983"]
[BlackElo "2199"]
[TimeControl "180+2"]
[EndTime "12:27:26 PDT"]
[Termination "kesarev won by resignation"]

1. d4 Nf6 2. Nf3 g6 3. g3 Bg7 4. Bg2 O-O 5. O-O d6 6. c4 Nc6 7. Nc3 a6 8. d5 Na5 9. Qd3 c5 10. e4 Rb8 11. Re1 b5 12. cxb5 axb5 13. Qc2 b4 14.
Nd1 b3 15. Qd3 Qb6 16. Nc3 Ba6 17. Qd1 Nd7 18. a3 Bxc3 19. bxc3 b2 20. Bxb2 Qxb2 21.
Qa4 Qb5 22. Qc2 Nb3 23. Rab1 Qa4 24. Nd2 c4 25. Bf1 Ndc5 26. e5 Nxd2 27. Qxd2 Qxa3 28. Ra1 Qb2 29. Qd4 Nb3 30. Qh4 Nxa1 31. Re3 Nc2 32. Rf3 Qc1 33. g4 Rb1 0-1

[Event "*** Titled Tuesday 3|2 Blitz"]
[Site "Chess.com"]
[Date "2015.07.07"]
[Round "7"]
[White "viditchess"]
[Black "alturas_pacificas"]
[Result "0-1"]
[WhiteElo "2409"]
[BlackElo "2097"]
[TimeControl "180+2"]
[EndTime "12:27:33 PDT"]
[Termination "alturas_pacificas won by resignation"]

1. d4 d5 2. c4 c6 3. Nf3 Nf6 4.
e3 e6 5. Nc3 Nbd7 6. Qc2 Bd6 7.
Bd3 dxc4 8. Bxc4 b5 9. Be2 Bb7 10. O-O a6 11. e4 e5 12. Rd1 Qe7 13. dxe5 Nxe5 14. Nd4 Neg4 15. h3 Qe5 16. f4 Qxd4+ 17. Rxd4 Bc5 18. Bxg4 Bxd4+ 19. Kf1 Nxg4 20. hxg4 h5 21. g5 h4 22. Qd3 c5 23. Ne2 O-O-O 24. Qh3+ Kb8 25. Be3 Bc8 26. f5 g6 27. Nxd4 cxd4 28.
Bf4+ Ka7 29. Rc1 gxf5 30. Rc7+ Kb6 31. Qc3 dxc3 32. Rxc3 fxe4 0-1

[Event "*** Titled Tuesday 3|2 Blitz"]
[Site "Chess.com"]
[Date "2015.07.07"]
[Round "7"]
[White "TheLancer"]
[Black "HansCoolNiemann"]
[Result "0-1"]
[WhiteElo "2283"]
[BlackElo "1987"]
[TimeControl "180+2"]
[EndTime "12:27:36 PDT"]
[Termination "HansCoolNiemann won by checkmate"]

1. e4 e6 2. d4 d5 3. Nc3 Nf6 4.
Bg5 dxe4 5. Nxe4 Be7 6. Bxf6 gxf6 7. Nf3 f5 8. Nc3 a6 9. d5 O-O 10. Bc4 b5 11. Bb3 c5 12. dxc6 Nxc6 13. Qe2 Bf6 14.
g4 fxg4 15. Rg1 Kh8 16. Rxg4 Bb7 17. Rd1 Qe7 18. Ne4 Ne5 19. Nxe5 Bxe5 20. c3 f5 21. Ng5 Bf6 22. Rgd4 Bxd4 23. Nxe6 Bf6 24. Nxf8 Qxf8 25.
Kf1 Qh6 26. Bd5 Bxd5 27. Rxd5 Qxh2 28. Qe6 Qh1+ 29. Ke2 Bg7 30. Rxf5 Rd8 31. Qe3 Qd1# 0-1

[Event "*** Titled Tuesday 3|2 Blitz"]
[Site "Chess.com"]
[Date "2015.07.07"]
[Round "7"]
[White "Carolina-moon"]
[Black "lukas_111111"]
[Result "0-1"]
[WhiteElo "1984"]
[BlackElo "2178"]
[TimeControl "180+2"]
[EndTime "12:27:49 PDT"]
[Termination "lukas_111111 won on time"]

1. e4 c5 2. Nc3 d6 3. f4 Nf6 4. Nf3 g6 5. Bc4 Bg7 6. O-O O-O 7. Qe1 Nc6 8. d3 Nd4 9. Nxd4 cxd4 10. Ne2 d5 11. exd5 Nxd5 12. Qf2 b5 13. Bb3 a5 14. a4 bxa4 15. Rxa4 Nb6 16. Ra3 Bb7 17. Bd2 a4 18. Ba2 Qd6 19. f5 Rac8 20. fxg6 Qxg6 21. Nf4 Qd6 22. Nh5 Bd5 23. Nxg7 Kxg7 24. Qxd4+ e5 25. Qg4+ Kh8 26. Bxd5 Nxd5 27. Rxa4 Rxc2 28. Bg5 Rg8 29.
Rxf7 Qb6+ 30. Kf1 Qxb2 0-1

[Event "*** Titled Tuesday 3|2 Blitz"]
[Site "Chess.com"]
[Date "2015.07.07"]
[Round "7"]
[White "LuckyTiger"]
[Black "FancyPlaySyndrome"]
[Result "0-1"]
[WhiteElo "2419"]
[BlackElo "2344"]
[TimeControl "180+2"]
[EndTime "12:27:53 PDT"]
[Termination "FancyPlaySyndrome won by resignation"]

1. e4 c5 2. c3 e6 3. d4 d5 4.
exd5 exd5 5. Nf3 cxd4 6. Nxd4 Nc6 7. Bb5 Bd7 8. O-O Bd6 9. Re1+ Nge7 10. Bg5 f6 11.
Bh4 O-O 12. Bg3 Bxg3 13. hxg3 Nxd4 14. Bxd7 Qxd7 15. Qxd4 Nc6 16. Qa4 d4 17. Qb3+ Qf7 18.
Nd2 Rfd8 19. Nc4 Rac8 20. Rad1 g6 21. Qa4 Kg7 22. cxd4 b5 23. Qxb5 Nxd4 24. Rxd4 Rxd4 25. b3 Rc7 26. Qa5 Rcd7 27. Kh2 Qd5 28. Qxd5 R4xd5 29. Re6 Kf7 30. Ra6 Rh5+ 0-1

[Event "*** Titled Tuesday 3|2 Blitz"]
[Site "Chess.com"]
[Date "2015.07.07"]
[Round "7"]
[White "PauloCesarCosta"]
[Black "AlexCn1"]
[Result "1/2-1/2"]
[WhiteElo "2019"]
[BlackElo "2043"]
[TimeControl "180+2"]
[EndTime "12:28:15 PDT"]
[Termination "Game drawn by agreement"]

1. Nf3 Nf6 2. c4 g6 3. b3 Bg7 4. Bb2 O-O 5. e3 c5 6. Be2 Nc6 7. O-O b6 8. d4 cxd4 9. Nxd4 Nxd4 10. Bxd4 Bb7 11. Bf3 Bxf3 12. Qxf3 d5 13. cxd5 Qxd5 14.
Qxd5 Nxd5 15. Bxg7 Kxg7 16. Nd2 Rfd8 17. Nf3 Nb4 18. a3 Nd3 19. Rfd1 Nc5 20. b4 Na4 21. Kf1 Kf6 22. Ke1 Nb2 23. Rxd8 Rxd8 24. Rb1 Nc4 25.
a4 e5 26. h3 Rd3 27. Rc1 Nd6 28. Rd1 Rxd1+ 29. Kxd1 Ne4 30. Ke1 a5 31. bxa5 bxa5 32.
Nd2 Nxd2 33. Kxd2 Ke6 34. Kc3 Kd5 35. f3 f5 36. g3 g5 37. Kd3 e4+ 38. fxe4+ fxe4+ 39. Kc3 h6 40. g4 Kc5 41. Kb3 Kd5 42. Kc3 Kc5 1/2-1/2